 Dungeon Crawl Stone Soup version 0.26.1-11-gd32895ea62 (webtiles) character file.

Game seed: 16261909341858006825

55 Descartes the Sneak (level 3, 0/15 HPs)
             Began as a Felid Transmuter on July 7, 2021.
             Slain by an adder (2 damage)
             ... on level 3 of the Dungeon.
             The game lasted 00:03:21 (3394 turns).

Descartes the Sneak (Felid Transmuter)              Turns: 3394, Time: 00:03:22

Health: 0/15       AC:  1    Str:  7    XL:     3   Next: 67%
Magic:  7/7        EV: 19    Int: 14    God:
Gold:   122        SH:  0    Dex: 16    Spells: 5/6 levels left
                                        Lives:  0   Deaths: 1

rFire    . . .     SeeInvis +     - Unarmed
rCold    . . .     Faith    .   (shield unavailable)
rNeg     . . .     Spirit   .   (armour unavailable)
rPois    .         Reflect  .   (helmet unavailable)
rElec    .         Harm     .   (cloak unavailable)
rCorr    .         Rampage  .   (gloves unavailable)
Will     .....                  (boots unavailable)
Stlth    +++.......             (no amulet)
HPRegen  0.05/turn              (no ring)
MPRegen  0.10/turn              (no ring)

@: lethally poisoned (0 -> -9), quick
A: very small, no armour, no weapons or thrown items, stealth, claws 1, fangs 3,
see invisible, speed 1, shaggy fur 1, sharp paws
a: no special abilities


You were on level 3 of the Dungeon.
You visited 1 branch of the dungeon, and saw 3 of its levels.

You collected 122 gold pieces.

Inventory:

Jewellery
 h - a +4 ring of evasion {unknown}
Scrolls
 a - 3 scrolls of identify {unknown}
 b - 2 scrolls of remove curse {unknown}
 c - 4 scrolls of amnesia {unknown}
 e - a scroll of blinking {unknown}
 f - a scroll of immolation {unknown}
 i - a scroll of enchant weapon {unknown}
 j - a scroll of enchant armour {unknown}
Potions
 d - 4 potions of heal wounds {unknown}
 g - a potion of curing {unknown}
 k - a potion of lignification {unknown}
 l - a potion of flight {unknown}


   Skills:
 - Level 1.0 Fighting
 + Level 4.2 Dodging
 - Level 5.0 Stealth
 - Level 3.0 Unarmed Combat
 - Level 2.0 Spellcasting
 - Level 2.1 Transmutations


You had 5 spell levels left.
You knew the following spells:

 Your Spells              Type           Power        Failure   Level
a - Beastly Appendage     Tmut           14%          10%         1

Your spell library contained the following spells:

 Spells                   Type           Power        Failure   Level
 Wereblood                Tmut           7%           14%         2
 Spider Form              Tmut/Pois      2%           41%         3
 Ice Form                 Ice/Tmut       4%           83%         4
 Blade Hands              Tmut           3%           95%         5


Dungeon Overview and Level Annotations

Branches:
Dungeon (3/15)

Altars:


Innate Abilities, Weirdness & Mutations

You cannot wear armour.
You are incapable of wielding weapons or throwing items.
Your paws allow you to move quietly. (Stealth)
You have sharp claws.
You have razor-sharp teeth.
You have supernaturally acute eyesight. (SInv)
You cover ground quickly.
You are covered in fur. (AC +1)
Your sharp claws are effective at attacking unaware monsters.


Message History

You feel sick. The frilled lizard barely misses you.
The rat closely misses you. The adder misses you.
You feel sick.
* * * LOW HITPOINT WARNING * * *
You feel sick.
* * * LOW HITPOINT WARNING * * *
You feel sick.
You closely miss the adder.
Your horns disappear.
* * * LOW HITPOINT WARNING * * *
You feel sick. The adder completely misses you.
You barely miss the adder. The adder completely misses you.
You scratch the adder.
The adder is moderately wounded.
* * * LOW HITPOINT WARNING * * *
You feel sick. The adder misses you. The adder barely misses you.
You scratch the adder.
The adder is heavily wounded.
The adder bites you.
You die...

#># ......)...# #.#
#.###.....## #.# #........).#
..# #####......# #.#
#......####.# #.#
###...r.....# #.#####
####l###### #.....# #S# ###
#####.# #@# ... #####.###
##.## ## ........# #...#
#####.#.#######...#
#.............#####
#.................#### #
#....†................ #.#
#..†.........†........####.##
###8###8###⌠###8###8#........


You could see an adder, a frilled lizard and a rat.

Vanquished Creatures
  Terence (D:2)
  2 adders
  2 oozes
  A worm (D:2)
  A dart slug (D:2)
  3 leopard geckos
  An orc (D:3)
  2 giant cockroaches (D:1)
  7 hobgoblins
  2 jackals (D:1)
  A ball python (D:3)
  3 bats
  2 frilled lizards (D:1)
  2 goblins (D:1)
  7 kobolds
  7 rats
44 creatures vanquished.

Vanquished Creatures (others)
  2 plants (D:1)
  5 toadstools (D:1)
7 creatures vanquished.

Grand Total: 51 creatures vanquished

Notes
Turn   | Place    | Note
-------+----------+-------------------------------------------
     0 | D:1      | Descartes the Felid Transmuter began the quest for the Orb.
     0 | D:1      | Reached XP level 1. HP: 9/9 MP: 4/4
    54 | D:1      | Reached skill level 1 in Stealth
   201 | D:1      | Reached skill level 2 in Stealth
   222 | D:1      | Reached XP level 2. HP: 12/12 MP: 4/6
   518 | D:1      | Reached skill level 3 in Stealth
   945 | D:1      | Reached skill level 4 in Stealth
  1169 | D:1      | Reached XP level 3. HP: 14/15 MP: 5/7
  2170 | D:2      | Noticed Terence
  2435 | D:2      | Killed Terence
  2436 | D:2      | Reached skill level 5 in Stealth
  2436 | D:2      | Reached XP level 4. HP: 6/19 MP: 6/8
  3299 | D:3      | Killed from afar by an orc priest
  3300 | D:3      | Reached XP level 3. HP: -6/15 MP: 7/7
  3394 | D:3      | Slain by an adder

Illustrated notes

Levels and vault maps discovered:
D:1:      ldierk_walled_garden, layout_basic, minmay_hedge_maze
D:2:      lemuel_upstairs_altar, layout_basic, uniq_terence
D:3:      layout_loops_ring, old_standard_altar, chequers_hall_statues_wall_a

Skill      XL: |  1  2  3 |
---------------+----------+-----
Stealth        | 2 4 5 |  5.0
Dodging        | 4 |  4.2
Fighting       | |  1.0
Unarmed Combat | |  3.0
Spellcasting   | |  2.0
Transmutations | |  2.1

Action                   |  1- 3 |  4- 6 || total
-------------------------+-------+-------++-------
Melee: Unarmed           |   162 |    30 ||   192
       Headbutt          |    15 |     6 ||    21
       Bite              |    12 |     5 ||    17
 Cast: Beastly Appendage |    28 |     9 ||    37
 Stab: Sleeping          |     6 |     3 ||     9
       Distracted        |       |     1 ||     1
Armor: Skin              |     4 |     1 ||     5
Dodge: Dodged            |    94 |    14 ||   108
